 Dungeon Crawl Stone Soup version 0.14-a0-3194-g0089908 (webtiles) character file.

156 Psiweapon the Cudgeler (level 3, -5/29 HPs)
             Began as a Mummy Fighter on Mar 11, 2014.
             Slain by an orc warrior
             ... wielding a +0,+0 short sword
              (6 damage)
             ... on Level 3 of the Dungeon.
             The game lasted 00:06:52 (1456 turns).

Psiweapon the Cudgeler (Mummy Fighter)              Turns: 1456, Time: 00:06:52

HP  -5/29        AC 11     Str 20      XL: 3   Next: 82%
MP   3/3         EV  6     Int  7      God:
Gold 96          SH 17     Dex 11      Spells:  0 memorised,  2 levels left

rFire  x . .     SeeInvis .     m - +0,+2 mace (protect)
rCold  + . .     Clarity  .     b - +0 scale mail
rNeg   + + +     Conserve .     c - +0 shield
rPois  +         rCorr    .     (no helmet)
rElec  .         rRot     +     (no cloak)
SustAb . .       Spirit   .     (no gloves)
rMut   .         Warding  .     (no boots)
Saprov . . .     Stasis   .     (no amulet)
MR     .....                    (no ring)
                                (no ring)

@: not resistant to hostile enchantments, extremely unstealthy
A: no food or potions, fire vulnerability, restore body, cold resistance 1, life
protection 3, poison resistance, torment resistance, unbreathing
a: no special abilities


You were on level 3 of the Dungeon.
You were not hungry.

You visited 1 branch of the dungeon, and saw 3 of its levels.

You collected 96 gold pieces.

Inventory:

Hand weapons
 a - a +0,+0 flail
 i - a +0,+0 sling
 m - a +0,+2 mace of protection (weapon)
Missiles
 e - 25 darts (quivered)
 g - 26 poisoned needles
 h - 13 darts of flame
 j - 15 sling bullets
Armour
 b - a +0 scale mail (worn)
 c - a +0 shield (worn)
Scrolls
 d - 4 scrolls of remove curse {unknown}
 f - a scroll of noise {unknown}
 k - a scroll of fear {unknown}
 l - 2 scrolls of identify {unknown}
 n - a scroll of recharging {unknown}


   Skills:
 - Level 3.0 Fighting
 + Level 3.4 Maces & Flails
 - Level 2.4 Armour
 - Level 2.4 Shields


You had 2 spell levels left.
You didn't know any spells.

Dungeon Overview and Level Annotations

Branches:
Dungeon (3/16)

Altars:
Vehumet


Innate Abilities, Weirdness & Mutations

You do not eat or drink.
Your flesh is vulnerable to fire.
Your flesh is cold resistant.
You are immune to negative energy.
Your system is resistant to poisons.
You are immune to unholy pain and torment.
You can survive without breathing.


Message History

The orc warrior hits you with a short sword!
Ouch! That really hurt!
The orc moves out of view.
The orc hits you with a runed mace.
You closely miss the orc warrior.
The orc warrior hits you but does no damage.
You block the orc's attack.
Your shield prevents you from hitting the orc warrior.
You block the orc warrior's attack. You block the orc's attack.
The orc warrior hits you with a short sword!
* * * LOW HITPOINT WARNING * * *
You closely miss the orc warrior. You block the orc's attack.
You block the orc warrior's attack.
You barely miss the orc warrior. The orc hits you with a runed mace.
* * * LOW HITPOINT WARNING * * *
You block the orc warrior's attack.
You hit the orc warrior.
The orc warrior is lightly wounded.
The orc hits you but does no damage.
The orc warrior hits you with a short sword.
You die...

#.####..# #.# #..#
### #<####..# ..#
#........ #.##
######..# ##
#.######## #..#
##.##..>....(#####..#
#..o#.######........#
#@## #######.## ###
#..o## #.# .. ####
#.# .# #.# .# ..# <#
### ### ## #.. # #.#
# #.#


You could see an orc warrior and an orc.

Vanquished Creatures
  3 adders (D:2)
  A worm (D:2)
  An ooze (D:1)
  2 bats
  A giant cockroach (D:1)
  4 hobgoblins
  2 kobolds
  2 giant newts (D:1)
  7 goblins
  3 rats
26 creatures vanquished.

Vanquished Creatures (others)
  A giant cockroach (D:2)
1 creature vanquished.

Grand Total: 27 creatures vanquished

Notes
Turn   | Place    | Note
--------------------------------------------------------------
     0 | D:1      | Psiweapon, the Mummy Fighter, began the quest for the Orb.
     0 | D:1      | Reached XP level 1. HP: 18/18 MP: 1/1
   283 | D:1      | Reached XP level 2. HP: 24/24 MP: 2/2
   862 | D:2      | Reached XP level 3. HP: 29/29 MP: 3/3
   972 | D:2      | Found a radiant altar of Vehumet.
  1448 | D:3      | Noticed an orc warrior
  1455 | D:3      | HP: 1/29 [orc/runed mace (1)]
  1456 | D:3      | Slain by an orc warrior

Action                   || total
-------------------------++-------
Melee: Flail             ||    63
       Mace              ||    17
 Fire: Sling             ||    12
Throw: Dart              ||     4
